Map: Eternal Empire LE

Players

navarre

  • Race: Protoss Protoss
  • League: Silver
  • Spawn Location: 1:00

A.I. 1 (Hard) - Winner!

  • Race: Protoss Protoss
  • Spawn Location: 7:00

VOD

Have the link to the VOD?

Description

Time

  • Played on: Sept. 9, 2020, 9:54 p.m.
  • Length: 4:32
Show
View Real Time Build Order
Export as new Build Order

navarre Protoss 

Build Orders: 1 Gate Expand 

Get SALT Encoding   

  6  0:00  Probe  
  13  0:12  Probe  
  14  0:17  Pylon  
  14  0:25  Probe (Chrono Boost)  
  15  0:37  Probe (Chrono Boost)  
  15  0:41  Gateway  
  16  0:45  Probe (Chrono Boost)  
  16  0:46  Assimilator  
  17  0:51  Probe  
  18  1:03  Probe  
  19  1:15  Probe  
  20  1:24  Nexus  
  20  1:34  Cybernetics Core  
  20  1:37  Probe  
  21  1:42  Assimilator  
  21  1:49  Probe  
  21  1:53  Pylon  
  22  2:01  Probe  
  23  2:09  Stalker (Chrono Boost), Probe  
  23  2:15  Warp Gate  
  26  2:17  Probe  
  27  2:26  Robotics Facility  
  27  2:27  Probe  
  28  2:34  Stalker  
  30  2:38  Probe  
  30  2:40  Probe  
  32  2:50  Probe  
  33  2:52  Probe  
  34  2:58  Gateway  
  34  3:02  Gateway  
  34  3:04  Probe  
  35  3:07  Probe  
  36  3:14  Observer (Chrono Boost)  
  36  3:16  Probe  
  36  3:19  Probe  
  39  3:26  Pylon  
  39  3:27  Stalker  
  39  3:28  Probe  
  39  3:29  Observer (Chrono Boost)  
  39  3:31  Probe  
  44  3:39  Pylon  
  44  3:41  Probe  
  45  3:43  Probe  
  45  3:47  Twilight Council  
  46  3:50  Forge  
  46  3:53  Probe, Observer  
  46  3:55  Probe  
  49  4:02  Assimilator  
  49  4:05  Probe  
  49  4:06  Assimilator  
  49  4:07  Probe  
  51  4:17  Stalker  
  51  4:18  Stalker x2  
Show
View Real Time Build Order
Export as new Build Order

A.I. 1 (Hard) Protoss - Winner!

Build Orders: 1 Gate Expand 

Get SALT Encoding   

  6  0:00  Probe  
  13  0:13  Probe  
  14  0:20  Pylon  
  14  0:25  Probe  
  15  0:34  Probe  
  15  0:42  Probe  
  17  0:51  Gateway  
  17  1:09  Probe  
  17  1:10  Nexus  
  18  1:29  Pylon  
  18  1:31  Assimilator  
  18  1:40  Zealot  
  18  1:43  Probe, Cybernetics Core  
  21  1:55  Probe  
  22  2:04  Probe  
  22  2:06  Gateway  
  23  2:14  Stalker, Assimilator  
  23  2:17  Warp Gate  
  23  2:18  Probe  
  26  2:23  Pylon  
  26  2:30  Probe  
  27  2:45  Assimilator  
  27  2:54  Probe  
  27  2:57  Probe  
  29  3:06  Probe, Stargate  
  30  3:18  Assimilator  
  30  3:27  Gateway  
  30  3:33  Zealot  
  32  3:40  Probe  
  33  3:41  Probe  
  34  3:50  Stalker  
  36  4:08  Adept  
  38  4:10  Probe  
  38  4:12  Probe  
  40  4:23  Pylon  
Tags
 
Add a new tag
Caveats
  • Supply blocks, unpowered buildings, or Contaminate may cause inaccurate times.
  • Supply counts are checked every 10 seconds.